 Dungeon Sprint DCSS version 0.26-a0-651-gb41185065b (webtiles) character file.

Game seed: 9942290985012606116

630062 mhtbhm the Skullcrusher (level 22, 0/247 HPs)
             Began as a Troll Berserker on Sept 29, 2020.
             Was the Champion of Trog.
             Slain by Ereshkigal (3 damage)
             ... in the Dungeon (Sprint IX: "|||||||||||||||||||||||||||||").
             The game lasted 00:38:11 (12146 turns).

mhtbhm the Skullcrusher (Troll Berserker)          Turns: 12146, Time: 00:38:12

Health: 0/247      AC: 43    Str: 50    XL:     22   Next: 35%
Magic:  27/27      EV: 18    Int:  4    God:    Trog [******]
Gold:   528        SH:  0    Dex:  9    Spells: 33/33 levels left

rFire    + . .     SeeInvis .   l - +10 dark maul {vorpal}
rCold    + . .     Faith    .   (shield currently unavailable)
rNeg     . . .     Spirit   .   b - +11 gold dragon scales
rPois    +         Reflect  .   C - +0 hat {Int+3}
rElec    +         Harm     .   m - +0 cloak {Stlth+}
rCorr    .         Rampage  .   (gloves unavailable)
MR       +....     Clarity  +   (boots unavailable) Stlth ..........NoTele +
                                O - amulet of the Sunfish {rElec Regen+}
HPRegen  1.31/turn              H - +6 ring of strength
MPRegen  0.20/turn              E - +6 ring of strength

@: berserk cooldown, slowed, silenced, lightly drained, very slow
A: large, unfitting armour, claws 3, clarity, dopey 1, frail 1, low mp 1,
regeneration 1, shaggy fur 1, tough skin 3, MP-powered wands
}: 11/17 runes: decaying, serpentine, barnacled, slimy, elven, silver, golden,
icy, abyssal, magical, gossamer
a: Renounce Religion


You were in the Dungeon.
You worshipped Trog.
Trog was exalted by your worship.
You visited 1 branch You collected 1948 gold pieces.
You spent 1420 gold pieces at shops.

Inventory:

Hand Weapons
 a - the +5 giant spiked club of the Heavens {flame, *Corrode rC+ Int+4}
   (Trog gifted it to you in the Dungeon)

   It has been specially enchanted to burn those struck by it, causing extra
   injury to most foes and up to half again as much damage against particularly
   susceptible opponents.
   It affects your intelligence (+4).
   It protects you from cold.
   It may corrode you when you take damage.
 l - the +10 dark maul (weapon) {vorpal}
   (You found it in the Dungeon)

   It inflicts extra damage upon your enemies.
 r - a +8 antimagic giant spiked club
 v - the +4 staff of Dispater
   (You took it off Dispater in the Dungeon)
 D - the +9 giant club of Orb Guardian's Bane {vorpal, rN+ Int+2 Stlth+}
   (Trog gifted it to you in the Dungeon)

   It inflicts extra damage upon your enemies.
   It affects your intelligence (+2).
   It protects you from negative energy.
   It makes you more stealthy.
 M - a +9 giant spiked club of flaming
 S - the +6 giant spiked club "Qaples" {vorpal, rElec Str+2}
   (Trog gifted it to you in the Dungeon)

   It inflicts extra damage upon your enemies.
   It affects your strength (+2).
   It insulates you from electricity.
Missiles
 A - 31 large rocks (quivered)
 B - 2 throwing nets
 F - 31 javelins
Armour
 b - +11 gold dragon scales (worn)
 m - a +0 cloak of stealth (worn)
 C - a +0 hat of intelligence (worn)
Jewellery
 o - an uncursed ring of see invisible
 w - a +4 ring of evasion
 z - an uncursed ring of protection from cold
 E - a +6 ring of strength (right claw)
 H - a +6 ring of strength (left claw)
 O - the amulet of the Sunfish (around neck) {rElec Regen+}
   (You found it in the Dungeon)

   [amulet of regeneration]

   It insulates you from electricity.
   It increases your rate of regeneration.
Wands
 k - a wand of iceblast (17)
 n - a wand of polymorph (11)
Scrolls
 h - 2 scrolls of blinking
 j - 7 scrolls of remove curse
 q - 4 scrolls of fear
 s - 4 scrolls of fog
 y - 5 scrolls of identify
 J - 3 scrolls of enchant weapon
Potions
 c - 11 potions of curing
 d - a potion of heal wounds
 e - 5 potions of haste
 f - 9 potions of magic
 g - 2 potions of berserk rage
 i - a potion of stabbing
 p - 2 potions of resistance
 t - a potion of lignification {unknown}
 I - a potion of might
Miscellaneous
 u - a condenser vane (2/2)
 G - a phial of floods
 K - the horn of Geryon
 L - a tin of tremorstones (3/3)


   Skills:
 O Level 27(26.2) Fighting
 O Level 27(26.2) Maces & Flails
 O Level 27(26.2) Throwing
 O Level 27(26.2) Armour
 O Level 27(26.2) Dodging
 + Level 13.7(13.1) Stealth
 O Level 27(26.2) Unarmed Combat
 - Level 6.2(5.8) Spellcasting
 + Level 24.7(24.0) Evocations


You had 33 spell levels left.
You didn't know any spells.
Your spell library was empty.

Dungeon Overview and Level Annotations

Branches:
Dungeon (1/1)

Altars:
Cheibriados
Dithmenos
Elyvilon
Fedhas
Gozag
Hepliaklqana
Kikubaaqudgha
Makhleb
Nemelex Xobeh
Okawaru
Qazlal
Ru
Sif Muna
Trog
Uskayaw
Vehumet
Wu Jian
Xom
Yredelemnul
Zin
The Shining One
Beogh
Jiyva
Lugonu

Shops:
D }:=:

Annotations:
D Ereshkigal


Innate Abilities, Weirdness & Mutations

You are too large for most types of armour.
You have claws for hands.
Your natural rate of healing is unusually fast.
You are covered in fur. (AC +1)
You have extremely tough skin. (AC +3)
You possess an exceptional clarity of mind.
You are dopey. (Int -2)
You are frail. (-10% HP)
Your magical capacity is low. (-10% MP)
You expend magic power (3 MP) to strengthen your wands.


Message History

Ereshkigal gestures.
The Brimstone Fiend calls on the powers of darkness!
Your body is wracked with pain!
* * * LOW HITPOINT WARNING * * *
The Tzitzimitl calls on the powers of darkness!
Your body is wracked with pain!
* * * LOW HITPOINT WARNING * * *
Ereshkigal hits you but does no damage.
You can move again.
You feel much better. Ereshkigal hits you but does no damage.
Ereshkigal hits you.
* * * LOW HITPOINT WARNING * * *
You feel much better. Ereshkigal hits you but does no damage.
The Brimstone Fiend calls on the powers of darkness!
Your body is wracked with pain!
* * * LOW HITPOINT WARNING * * *
Ereshkigal hits you!!
* * * LOW HITPOINT WARNING * * *
You feel drained.
You die...

▓▓▓▓▓▓▓▓▓▓▓▓▓▓▓▓▓▓▓▓▓▓▓▓▓▓▓▓
............=.'.@&111)(((1((
▓▓▓▓▓▓▓▓▓▓▓▓▓▓▓▓▓▓▓▓▓▓▓▓▓▓▓▓▓▓▓▓▓
........)........................
▓▓▓▓▓▓▓▓▓▓▓▓▓▓▓▓▓▓▓▓▓▓▓▓▓▓▓▓▓▓▓▓▓
.......)'........)'.....).....'..
▓▓▓▓▓▓▓▓▓▓▓▓▓▓▓▓▓▓▓▓▓▓▓▓▓▓▓▓▓▓▓▓▓
.................................
▓▓▓▓▓▓▓▓▓▓▓▓▓▓▓▓▓▓▓▓▓▓▓▓▓▓▓▓▓▓▓▓▓
)).))))...)'........)..........'.


You could see Ereshkigal (silencing), a Tzitzimitl (summoned) and 2 Brimstone
Fiends.

Vanquished Creatures
  Cerebov (D)
  Antaeus (D)
  Asmodeus (D)
  the Royal Jelly (D)
  Gloorx Vloq (D)
  Lom Lobon (D)
  4 ancient liches (D)
  3 orbs of fire (D)
  Dispater (D)
  Mara (D)
  Boris (D)
  5 greater mummies (D)
  3 Killer Klowns (D)
  2 curse toes (D)
  Saint Roka (D)
  9 golden dragons (D)
  Geryon (D)
  Jory (D)
  A bone dragon (D)
  3 electric golems (D)
  2 liches (D)
  2 tentacled monstrosities (D)
  5 quicksilver dragons (D)
  4 deep elf master archers (D)
  7 acid blobs (D)
  28 Orb Guardians (D)
  14 sphinxes (D)
  A death cob (D)
  2 deep elf blademasters (D)
  Gastronok (D)
  4 storm dragons (D)
  8 shadow dragons (D)
  7 azure jellies (D)
  Donald (D)
  A draconian monk (D)
  A tengu reaver (D)
  Ilsuiw (D)
  4 nagarajas (D)
  A vault warden (D)
  A deep elf sorcerer (D)
  2 frost giants (D)
  3 ghost moths (D)
  3 draconian scorchers (D)
  3 emperor scorpions (D)
  A draconian knight (D)
  2 fire giants (D)
  A draconian stormcaller (D)
  Louise (D)
  3 draconian annihilators (D)
  10 stone giants (D)
  2 ironheart preservers (D)
  4 black draconians (D)
  3 red draconians (D)
  10 vampire knights (D)
  Azrael (D)
  2 yellow draconians (D)
  2 spark wasps (D)
  A white draconian (D)
  2 deep elf annihilators (D)
  4 purple draconians (D)
  4 fire dragons (D)
  4 deep elf death magi (D)
  2 ettins (D)
  6 death oozes (D)
  2 merfolk javelineers (D)
  6 mummy priests (D)
  4 merfolk impalers (D)
  A yaktaur captain (D)
  A deep elf high priest (D)
  8 hydras (D)
  25 vault guards (D)
  4 rakshasas (D)
  4 great orbs of eyes (D)
  2 naga warriors (D)
  4 catoblepae (D)
  3 ice dragons (D)
  Erolcha (D)
  A shambling mangrove (D)
  An anaconda (shapeshifter) (D)
  4 merfolk aquamancers (D)
  2 merfolk avatars (D)
  2 anacondas (D)
  A two-headed ogre (D)
  An alligator (D)
  2 deep troll earth magi (D)
  2 tengu warriors (D)
  A thrashing horror (D)
  An orc high priest (D)
  2 death yaks (D)
  A spriggan berserker (D)
  2 hell knights (D)
  A wretched star (D)
  2 skeletal warriors (D)
  2 unseen horrors (D)
  A salamander mystic (D)
  5 swamp dragons (D)
  A deep elf archer (D)
  2 harpies (D)
  4 ironbrand convokers (D)
  2 ugly things (D)
  A necromancer (D)
  2 orb spiders (D)
  8 orc knights (D)
  A mana viper (D)
  8 wolf spiders (D)
  An orc sorcerer (D)
  2 cyclopes (D)
  A manticore (D)
  Maurice (D)
  A merfolk siren (D)
  A vault sentinel (D)
  7 moths of wrath (D)
  2 black mambas (D)
  Psyche (D)
  3 guardian serpents (D)
  3 naga magi (D)
  A gargoyle (D)
  A freezing wraith (D)
  3 komodo dragons (D)
  3 cane toads (D)
  A yaktaur (D)
  A wandering mushroom (D)
  A demonic crawler (D)
  17 guardian mummies (D)
  5 jumping spiders (D)
  6 merfolk (D)
  A meliai (D)
  A hornet (D)
  A troll (D)
  A meliai (shapeshifter) (D)
  A tyrant leech (D)
  A raiju (D)
  A slime creature (D)
  A bog body (D)
  2 hippogriffs (D)
  4 redbacks (D)
  A redback (shapeshifter) (D)
  A wraith (D)
  A wyvern (D)
  11 spriggans (D)
  A shadow (D)
  A basilisk (D)
  3 golden eyes (D)
  2 yaks (D)
  4 fire elementals (D)
  A vampire mosquito (D)
  A large abomination (D)
  3 nagas (D)
  2 wargs (D)
  2 hell hounds (D)
  4 water moccasins (D)
  A porcupine (D)
  20 orc warriors (D)
  A swamp drake (D)
  A black bear (D)
  An eye of draining (D)
  A big kobold (D)
  8 bullfrogs (D)
  A quasit (D)
  3 orc priests (D)
  A small abomination (D)
  A shadow imp (D)
  2 ufetubi (D)
  2 adder zombies (D)
  A worm (D)
  10 ball lightnings (D)
  10 orcs (D)
  A bat skeleton (D)
  A giant cockroach (D)
  A hobgoblin (D)
  A ball python (D)
  A ball python skeleton (D)
  3 kobolds (D)
  A leopard gecko skeleton (D)
  2 crawling corpses (D)
530 creatures vanquished.

Vanquished Creatures (collateral kills)
  A centaur warrior (D)
  An ice beast (D)
  An orc warrior (D)
3 creatures vanquished.

Vanquished Creatures (others)
  A fire dragon (D)
  An unseen horror (D)
  A yak (D)
  A naga (D)
4 creatures vanquished.

Grand Total: 537 creatures vanquished

Notes
Turn   | Place    | Note
-------+----------+-------------------------------------------
     0 | D        | mhtbhm the Troll Berserker began the quest for the Orb.
     0 | D        | Reached XP level 1. HP: 22/22 MP: 0/0
    11 | D        | Reached ** piety under Trog
    36 | D        | Reached *** piety under Trog
    36 | D        | Reached XP level 2. HP: 26/31 MP: 1/1
    54 | D        | Found a roughly hewn altar of Beogh.
    54 | D        | Found a snail-covered altar of Cheibriados.
    54 | D        | Found a shadowy altar of Dithmenos.
    54 | D        | Found a white marble altar of Elyvilon.
    54 | D        | Found a blossoming altar of Fedhas.
    54 | D        | Found an opulent altar of Gozag.
    55 | D        | Found a hazy altar of Hepliaklqana.
    56 | D        | Found a viscous altar of Jiyva.
    57 | D        | Found an ancient bone altar of Kikubaaqudgha.
    58 | D        | Found a corrupted altar of Lugonu.
    59 | D        | Found a burning altar of Makhleb.
    60 | D        | Found a sparkling altar of Nemelex Xobeh.
    61 | D        | Found an iron altar of Okawaru.
    62 | D        | Found a stormy altar of Qazlal.
    63 | D        | Found a sacrificial altar of Ru.
    64 | D        | Found a shimmering blue altar of Sif Muna.
    65 | D        | Found a bloodstained altar of Trog.
    66 | D        | Found a hide-covered altar of Uskayaw.
    67 | D        | Found a radiant altar of Vehumet.
    68 | D        | Found an ornate altar of the Wu Jian Council.
    69 | D        | Found a shimmering altar of Xom.
    70 | D        | Found a basalt altar of Yredelemnul.
    71 | D        | Found a glowing silver altar of Zin.
    72 | D        | Found a glowing golden altar of the Shining One.
    81 | D        | Found the +10 dark maul {vorpal}
   111 | D        | Noticed a water moccasin
   111 | D        | Noticed a bullfrog
   111 | D        | Noticed a bullfrog
   111 | D        | Noticed a big kobold
   111 | D        | Noticed a gargoyle
   111 | D        | Noticed a bullfrog
   118 | D        | Killed a water moccasin
   118 | D        | Reached **** piety under Trog
   118 | D        | Reached skill level 5 in Dodging
   118 | D        | Reached XP level 3. HP: 41/41 MP: 2/2
   118 | D        | Reached XP level 4. HP: 49/49 MP: 3/3
   126 | D        | Killed a bullfrog
   126 | D        | Reached skill level 5 in Fighting
   126 | D        | Reached XP level 5. HP: 57/57 MP: 4/4
   150 | D        | Reached XP level 6. HP: 31/67 MP: 5/5
   180 | D        | Killed a gargoyle
   180 | D        | Reached skill level 10 in Maces & Flails
   180 | D        | Reached XP level 7. HP: 55/78 MP: 6/6
   185 | D        | Reached ***** piety under Trog
   262 | D        | Noticed a troll
   262 | D        | Noticed a meliai
   262 | D        | Noticed a two-headed ogre
   275 | D        | Killed an unseen horror
   275 | D        | Reached XP level 8. HP: 41/88 MP: 7/7
   280 | D        | Killed a troll
   286 | D        | Killed a meliai
   297 | D        | Killed a two-headed ogre
   297 | D        | Reached XP level 9. HP: 12/98 MP: 8/8
   621 | D        | Noticed a komodo dragon
   621 | D        | Noticed a cane toad
   646 | D        | Killed a komodo dragon
   651 | D        | Killed a cane toad
   651 | D        | Received a gift from Trog
   697 | D        | Got an ichor-stained demon whip {god gift}
   698 | D        | Identified the +6 demon whip of Omakuada {flame, +Fly rPois
                  | Int+4} (Trog gifted it to you in the Dungeon)
   936 | D        | Noticed a komodo dragon
   938 | D        | Noticed a six-headed hydra
   940 | D        | Killed a komodo dragon
   940 | D        | Reached skill level 10 in Fighting
   943 | D        | Noticed a komodo dragon
   945 | D        | Reached ****** piety under Trog
   945 | D        | Reached skill level 15 in Maces & Flails
   946 | D        | Noticed a death yak
   948 | D        | Received a gift from Trog
   948 | D        | Reached skill level 10 in Dodging
   948 | D        | Reached XP level 10. HP: 110/110 MP: 9/9
   951 | D        | Killed a six-headed hydra
   951 | D        | Reached skill level 1 in Evocations
   965 | D        | Killed a death yak
   999 | D        | Noticed a catoblepas
   999 | D        | Noticed a death yak
   999 | D        | Noticed a catoblepas
   999 | D        | Noticed a catoblepas
  1000 | D        | Noticed a catoblepas
  1006 | D        | Killed a catoblepas
  1006 | D        | Received a gift from Trog
  1009 | D        | Killed a death yak
  1012 | D        | Killed a catoblepas
  1168 | D        | Killed a catoblepas
  1168 | D        | Reached XP level 11. HP: 123/123 MP: 10/10
  1248 | D        | Killed a catoblepas
  1343 | D        | Noticed Erolcha
  1350 | D        | Killed Erolcha
  1445 | D        | Noticed an orc knight
  1450 | D        | Noticed an ettin
  1464 | D        | Killed an orc knight
  1464 | D        | Received a gift from Trog
  1472 | D        | Killed an ettin
  1478 | D        | Received a gift from Trog
  1515 | D        | Got an ichor-stained morningstar {god gift}
  1516 | D        | Identified the +3 morningstar of Death {flame, rF+ Dex+2}
                  | (Trog gifted it to you in the Dungeon)
  1591 | D        | Noticed an orc high priest
  1593 | D        | Received a gift from Trog
  1603 | D        | Noticed an orc sorcerer
  1606 | D        | Killed an orc high priest
  1615 | D        | Killed an orc sorcerer
  1615 | D        | Received a gift from Trog
  1763 | D        | Found Guaps's Gadget Emporium.
  1763 | D        | Noticed an orc knight
  1763 | D        | Noticed an orc knight
  1763 | D        | Noticed an orc knight
  1771 | D        | Killed an orc knight
  1773 | D        | Found Coewnena's Book Shoppe.
  1773 | D        | Noticed an orc knight
  1783 | D        | Killed an orc knight
  1787 | D        | Killed an orc knight
  1788 | D        | Found Weep's Jewellery Emporium.
  1791 | D        | Received a gift from Trog
  1792 | D        | Found Comnacki's Book Shoppe.
  1796 | D        | Noticed an orc knight
  1804 | D        | Killed an orc knight
  1804 | D        | Reached XP level 12. HP: 124/137 MP: 11/11
  1888 | D        | Bought a condenser vane (2/2) for 260 gold pieces
  1892 | D        | Bought the amulet of Hard Scrabble {Acrobat rElec} for 440
                  | gold pieces
  1892 | D        | Bought a +4 ring of evasion for 360 gold pieces
  1892 | D        | Bought a +4 ring of protection for 360 gold pieces
  1957 | D        | Noticed Psyche
  1963 | D        | Killed Psyche
  1963 | D        | Received a gift from Trog
  1985 | D        | Noticed Maurice
  1994 | D        | Killed Maurice
  2109 | D        | Noticed a centaur warrior
  2116 | D        | Noticed an ice dragon
  2120 | D        | Received a gift from Trog
  2127 | D        | Noticed a stone giant
  2130 | D        | Noticed a fire dragon
  2135 | D        | Noticed a tengu warrior
  2141 | D        | Killed a centaur warrior
  2236 | D        | Killed an ice dragon
  2242 | D        | Killed a stone giant
  2242 | D        | Received a gift from Trog
  2242 | D        | Reached skill level 15 in Fighting
  2242 | D        | Reached skill level 1 in Armour
  2243 | D        | Noticed a rakshasa
  2253 | D        | Killed a fire dragon
  2270 | D        | Killed a tengu warrior
  2279 | D        | Killed a rakshasa
  2279 | D        | Received a gift from Trog
  2564 | D        | Noticed a shambling mangrove
  2564 | D        | Noticed an alligator
  2564 | D        | Noticed a tentacled monstrosity
  2570 | D        | Killed a shambling mangrove
  2580 | D        | Killed a tentacled monstrosity
  2585 | D        | Killed an alligator
  2585 | D        | Reached XP level 13. HP: 152/152 MP: 12/12
  2603 | D        | Received a gift from Trog
  2709 | D        | Received a gift from Trog
  2712 | D        | Reached skill level 5 in Armour
  2781 | D        | Received a gift from Trog
  3000 | D        | Received a gift from Trog
  3019 | D        | Received a gift from Trog
  3033 | D        | Reached skill level 1 in Throwing
  3127 | D        | Noticed Saint Roka
  3129 | D        | Received a gift from Trog
  3154 | D        | Killed Saint Roka
  3214 | D        | Noticed Gastronok
  3226 | D        | Killed Gastronok
  3226 | D        | Received a gift from Trog
  3226 | D        | Reached skill level 15 in Dodging
  3364 | D        | Noticed a stone giant
  3364 | D        | Noticed a stone giant
  3364 | D        | Noticed a stone giant
  3377 | D        | Killed a stone giant
  3377 | D        | Reached XP level 14. HP: 169/169 MP: 13/13
  3378 | D        | Noticed a lich
  3393 | D        | Killed a stone giant
  3399 | D        | Killed a stone giant
  3406 | D        | Received a gift from Trog
  3407 | D        | Noticed a fire giant
  3424 | D        | Killed a lich
  3425 | D        | Killed a fire giant
  3425 | D        | Received a gift from Trog
  3428 | D        | Noticed a stone giant
  3434 | D        | Noticed a frost giant
  3477 | D        | Killed a stone giant
  3483 | D        | Killed a frost giant
  3570 | D        | Got a faintly glowing giant spiked club {god gift}
  3571 | D        | Identified the +1 giant spiked club of Blood {vorpal, rPois
                  | Str+4 Dex+4} (Trog gifted it to you in the Dungeon)
  3582 | D        | Received a gift from Trog
  3712 | D        | Received a gift from Trog
  3723 | D        | Noticed a storm dragon
  3730 | D        | Noticed a tengu reaver
  3735 | D        | Noticed a stone giant
  3737 | D        | Received a gift from Trog
  3744 | D        | Killed a tengu reaver
  3745 | D        | Killed a storm dragon
  3745 | D        | Killed a stone giant
  3783 | D        | Received a gift from Trog
  3790 | D        | Got a scorched giant spiked club {god gift}
  3791 | D        | Identified the +6 giant spiked club of Fitwompu {vorpal,
                  | rPois} (Trog gifted it to you in the Dungeon)
  3801 | D        | Noticed a fire giant
  3837 | D        | Killed a fire giant
  4131 | D        | Noticed Boris
  4153 | D        | Killed Boris
  4153 | D        | Reached skill level 10 in Armour
  4153 | D        | Reached XP level 15. HP: 175/185 MP: 14/14
  4353 | D        | Noticed Louise
  4371 | D        | Killed Louise
  4371 | D        | Received a gift from Trog
  4446 | D        | Noticed Azrael
  4463 | D        | Killed Azrael
  4538 | D        | Received a gift from Trog
  4583 | D        | Killed a ghost moth
  4583 | D        | Received a gift from Trog
  4589 | D        | Killed a ghost moth
  4609 | D        | Got a polished executioner's axe {god gift}
  4810 | D        | Got a gossamer rune of Zot
  4826 | D        | Identified the +6 executioner's axe "Vuss" {vorpal, +Blink}
                  | (Trog gifted it to you in the Dungeon)
  4834 | D        | Noticed a nagaraja
  4834 | D        | Noticed a nagaraja
  4840 | D        | Received a gift from Trog
  4841 | D        | Noticed a nagaraja
  4844 | D        | Killed a nagaraja
  4847 | D        | Noticed a nagaraja
  4849 | D        | Killed a nagaraja
  4852 | D        | Received a gift from Trog
  4864 | D        | Killed a nagaraja
  4874 | D        | Killed a nagaraja
  4882 | D        | Received a gift from Trog
  4900 | D        | Got a serpentine rune of Zot
  4902 | D        | Got a smoking giant club {god gift}
  4914 | D        | Got a twisted giant spiked club {god gift}
  4934 | D        | Identified the +3 giant club of the Manifold Olives
                  | {vorpal, Dex+3 SInv} (Trog gifted it to you in the Dungeon)
  4936 | D        | Identified the +5 giant spiked club "Badweita" {vorpal,
                  | +Rage rPois Str+3 Dex-4} (Trog gifted it to you in the
                  | Dungeon)
  5062 | D        | Noticed Ilsuiw
  5070 | D        | Received a gift from Trog
  5077 | D        | Killed Ilsuiw
  5077 | D        | Received a gift from Trog
  5086 | D        | Received a gift from Trog
  5099 | D        | Got a pitted giant spiked club {god gift}
  5100 | D        | Identified the +4 giant spiked club of Accord {vorpal, rF+
                  | Str+2 Int+4 Dex-4} (Trog gifted it to you in the Dungeon)
  5109 | D        | Got a barnacled rune of Zot
  5155 | D        | Got a crude giant spiked club {god gift}
  5156 | D        | Identified the +6 giant spiked club "Cietierr" {vorpal,
                  | +Fly Int+6} (Trog gifted it to you in the Dungeon)
  5190 | D        | Received a gift from Trog
  5220 | D        | Reached XP level 16. HP: 202/202 MP: 15/15
  5225 | D        | Got a decaying rune of Zot
  5287 | D        | Noticed Mara
  5296 | D        | Killed Mara
  5296 | D        | Received a gift from Trog
  5343 | D        | Received a gift from Trog
  5390 | D        | Received a gift from Trog
  5547 | D        | Noticed a golden dragon
  5552 | D        | Received a gift from Trog
  5586 | D        | Killed a golden dragon
  5586 | D        | Received a gift from Trog
  5594 | D        | Reached skill level 27 in Maces & Flails
  5601 | D        | Noticed a shadow dragon
  5605 | D        | Received a gift from Trog
  5608 | D        | Killed a shadow dragon
  5609 | D        | Identified the Collected Works on Ignition and
                  | Transmigration
  5609 | D        | Noticed a shadow dragon
  5764 | D        | Killed a shadow dragon
  5767 | D        | Noticed a sphinx
  5774 | D        | Received a gift from Trog
  5776 | D        | Killed a sphinx
  5781 | D        | Got a jewelled giant spiked club {god gift}
  5798 | D        | Got a shimmering giant spiked club {god gift}
  5803 | D        | Identified the +2 giant spiked club of Xanas {vorpal, rPois
                  | rC+ MR+ Int+2} (Trog gifted it to you in the Dungeon)
  5805 | D        | Identified the +4 giant spiked club of Bodily Harmony
                  | {vorpal, rF+} (Trog gifted it to you in the Dungeon)
  5832 | D        | Noticed a shadow dragon
  5832 | D        | Noticed a shadow dragon
  5832 | D        | Noticed an ancient lich
  5832 | D        | Noticed a golden dragon
  5832 | D        | Noticed a shadow dragon
  5833 | D        | Noticed a shadow dragon
  5847 | D        | Killed an ancient lich
  5847 | D        | Reached XP level 17. HP: 203/222 MP: 16/16
  5850 | D        | Killed a golden dragon
  5850 | D        | Received a gift from Trog
  5876 | D        | HP: 5/224 [stone giant (48)]
  5887 | D        | HP: 9/224 [stone giant/large rock (35)]
  5890 | D        | Reached skill level 27 in Fighting
  6153 | D        | Got a silver rune of Zot
  6163 | D        | Got a scorched great mace
  6164 | D        | Identified the cursed +1 great mace "Voenoesk" {holy, rElec
                  | Int-5 Dex+6} (You found it in the Dungeon)
  6233 | D        | Noticed Jory
  6250 | D        | Killed Jory
  6433 | D        | Got the ring "Mapibur" {Str+3 Dex+2 SInv}
  6435 | D        | Got the amulet of the Sunfish {rElec Regen+}
  6437 | D        | Got the ring "Panett" {Ice +Blink rN+ MR- Stlth+}
  6439 | D        | Got the ring of Zedic {Wiz Dex+5 SInv}
  6441 | D        | Got the ring of Ototsid {Fire *Corrode +Fly Str+4 Dex-2}
  6465 | D        | Got the +3 storm dragon scales of the Dolphin {rElec rN+
                  | Str+4 Int+3}
  6504 | D        | Gained mutation: You possess an exceptional clarity of
                  | mind. [potion of mutation]
  6504 | D        | Gained mutation: You expend magic power (3 MP) to
                  | strengthen your wands. [potion of mutation]
  6545 | D        | Noticed Donald
  6549 | D        | Killed Donald
  6549 | D        | Received a gift from Trog
  6606 | D        | Noticed a golden dragon
  6609 | D        | Noticed a golden dragon
  6615 | D        | Killed a golden dragon
  6615 | D        | Received a gift from Trog
  6619 | D        | Killed a golden dragon
  6619 | D        | Reached skill level 15 in Armour
  6625 | D        | Received a gift from Trog
  6692 | D        | Noticed a golden dragon
  6692 | D        | Noticed a bone dragon
  6695 | D        | Killed a bone dragon
  6697 | D        | Killed a golden dragon
  6706 | D        | Received a gift from Trog
  6861 | D        | Noticed a quicksilver dragon
  6861 | D        | Noticed a golden dragon
  6861 | D        | Noticed a quicksilver dragon
  6862 | D        | Killed a quicksilver dragon
  6862 | D        | Received a gift from Trog
  6864 | D        | Noticed a golden dragon
  7075 | D        | Killed a golden dragon
  7093 | D        | Killed a quicksilver dragon
  7121 | D        | Reached XP level 18. HP: 168/236 MP: 17/17
  7236 | D        | Killed a golden dragon
  7236 | D        | Received a gift from Trog
  7363 | D        | Noticed an electric golem
  7363 | D        | Noticed a curse toe
  7382 | D        | Killed a curse toe
  7393 | D        | Received a gift from Trog
  7407 | D        | Killed an electric golem
  7412 | D        | Got an ichor-stained giant spiked club {god gift}
  7413 | D        | Identified the +6 giant spiked club "Qaples" {vorpal, rElec
                  | Str+2} (Trog gifted it to you in the Dungeon)
  7487 | D        | Noticed a golden dragon
  7489 | D        | Killed a golden dragon
  7629 | D        | Noticed a tentacled monstrosity
  7638 | D        | Received a gift from Trog
  7642 | D        | Killed a tentacled monstrosity
  7649 | D        | Received a gift from Trog
  7860 | D        | Noticed an Orb Guardian
  7860 | D        | Noticed an Orb Guardian
  7860 | D        | Noticed an Orb Guardian
  7860 | D        | Noticed an Orb Guardian
  7860 | D        | Noticed an Orb Guardian
  7860 | D        | Noticed an Orb Guardian
  7862 | D        | Killed an Orb Guardian
  7862 | D        | Noticed an Orb Guardian
  7863 | D        | Killed an Orb Guardian
  7870 | D        | Killed an Orb Guardian
  7870 | D        | Reached skill level 5 in Throwing
  7877 | D        | Killed an Orb Guardian
  7877 | D        | Received a gift from Trog
  7879 | D        | Killed an Orb Guardian
  7879 | D        | Noticed an Orb Guardian
  7881 | D        | Killed an Orb Guardian
  7885 | D        | Killed an Orb Guardian
  7892 | D        | Killed an Orb Guardian
  8019 | D        | Noticed an Orb Guardian
  8020 | D        | Noticed an Orb Guardian
  8026 | D        | Killed an Orb Guardian
  8027 | D        | Killed an Orb Guardian
  8034 | D        | Noticed an Orb Guardian
  8034 | D        | Noticed an Orb Guardian
  8034 | D        | Noticed a curse toe
  8037 | D        | Noticed an Orb Guardian
  8040 | D        | Received a gift from Trog
  8040 | D        | Reached skill level 27 in Dodging
  8040 | D        | Reached XP level 19. HP: 245/245 MP: 18/18
  8042 | D        | Reached skill level 10 in Throwing
  8049 | D        | Killed a curse toe
  8055 | D        | Received a gift from Trog
  8256 | D        | Noticed an ancient lich
  8260 | D        | Killed an ancient lich
  8265 | D        | Noticed an orb of fire
  8271 | D        | Killed an orb of fire
  8319 | D        | Noticed an electric golem
  8324 | D        | Killed an electric golem
  8339 | D        | Noticed an ancient lich
  8339 | D        | Noticed a Killer Klown
  8339 | D        | Noticed a Killer Klown
  8339 | D        | Noticed an electric golem
  8343 | D        | Noticed an orb of fire
  8344 | D        | Killed an ancient lich
  8344 | D        | Received a gift from Trog
  8347 | D        | Noticed a golden dragon
  8352 | D        | Killed an electric golem
  8354 | D        | Noticed a Killer Klown
  8358 | D        | Gained mutation: You are frail. (-10% HP) [an orb of fire]
  8360 | D        | Gained mutation: You are dopey. (Int -2) [an orb of fire]
  8361 | D        | Killed an orb of fire
  8361 | D        | Reached skill level 15 in Throwing
  8361 | D        | Reached skill level 27 in Armour
  8375 | D        | Noticed an ancient lich
  8379 | D        | Killed a golden dragon
  8391 | D        | Killed an ancient lich
  8391 | D        | Received a gift from Trog
  8397 | D        | Killed a Killer Klown
  8419 | D        | Killed a Killer Klown
  8420 | D        | Noticed an orb of fire
  8428 | D        | Gained mutation: Your magical capacity is low. (-10% MP)
                  | [an orb of fire]
  8434 | D        | Killed an orb of fire
  8434 | D        | Received a gift from Trog
  8443 | D        | Killed a Killer Klown
  8667 | D        | Reached XP level 20. HP: 230/230 MP: 17/17
  8673 | D        | Received a gift from Trog
  8711 | D        | Received a gift from Trog
  8737 | D        | Got a slimy giant spiked club {god gift}
  8738 | D        | Identified the +2 giant spiked club of Fragile Peace
                  | {vorpal, +Inv rF+ rC+ rN+} (Trog gifted it to you in the
                  | Dungeon)
  8836 | D        | Reached skill level 27 in Throwing
  8837 | D        | Reached skill level 1 in Spellcasting
  8838 | D        | Received a gift from Trog
  8838 | D        | Reached skill level 5 in Unarmed Combat
  8841 | D        | Received a gift from Trog
  8846 | D        | Reached skill level 5 in Spellcasting
  8850 | D        | Received a gift from Trog
  8906 | D        | Received a gift from Trog
  8909 | D        | Reached skill level 10 in Unarmed Combat
  8945 | D        | Reached skill level 1 in Stealth
  8947 | D        | Received a gift from Trog
  8955 | D        | Reached skill level 15 in Unarmed Combat
  8955 | D        | Reached skill level 5 in Evocations
  8968 | D        | Received a gift from Trog
  8987 | D        | Got an elven rune of Zot
  8996 | D        | Got a jewelled giant spiked club {god gift}
  8997 | D        | Identified the +5 giant spiked club of the Heavens {flame,
                  | *Corrode rC+ Int+4} (Trog gifted it to you in the Dungeon)
  9146 | D        | Received a gift from Trog
  9155 | D        | Noticed the Royal Jelly
  9162 | D        | Killed the Royal Jelly
  9212 | D        | Received a gift from Trog
  9219 | D        | Reached skill level 5 in Stealth
  9219 | D        | Reached XP level 21. HP: 141/238 MP: 26/26
  9240 | D        | Got a slimy rune of Zot
  9527 | D        | Received a gift from Trog
  9527 | D        | Reached skill level 10 in Evocations
  9538 | D        | Received a gift from Trog
  9560 | D        | Received a gift from Trog
  9568 | D        | Received a gift from Trog
  9580 | D        | Got a crude giant club {god gift}
  9581 | D        | Identified the +9 giant club of Orb Guardian's Bane
                  | {vorpal, rN+ Int+2 Stlth+} (Trog gifted it to you in the
                  | Dungeon)
  9663 | D        | Received a gift from Trog
  9775 | D        | Received a gift from Trog
  9949 | D        | Noticed a greater mummy
  9949 | D        | Noticed a greater mummy
  9949 | D        | Noticed a greater mummy
  9949 | D        | Noticed a greater mummy
  9952 | D        | Reached skill level 27 in Unarmed Combat
  9952 | D        | Killed a greater mummy
  9953 | D        | Killed a greater mummy
  9953 | D        | Received a gift from Trog
  9956 | D        | Killed a greater mummy
  9957 | D        | Killed a greater mummy
  9957 | D        | Reached skill level 15 in Evocations
  9957 | D        | Noticed a greater mummy
  9967 | D        | Killed a greater mummy
 10229 | D        | Got a golden rune of Zot
 10239 | D        | Received a gift from Trog
 10260 | D        | Received a gift from Trog
 10269 | D        | Got an abyssal rune of Zot
 10415 | D        | Noticed Geryon
 10425 | D        | Killed Geryon
 10447 | D        | Noticed Antaeus
 10447 | D        | Noticed Lom Lobon
 10447 | D        | Identified the +4 staff of Dispater
 10447 | D        | Noticed Dispater
 11535 | D        | Killed Antaeus
 11535 | D        | Reached skill level 10 in Stealth
 11611 | D        | Received a gift from Trog
 11618 | D        | Killed Lom Lobon
 11796 | D        | Killed Dispater
 11801 | D        | Noticed Gloorx Vloq
 11815 | D        | Killed Gloorx Vloq
 11815 | D        | Reached XP level 22. HP: 32/245 MP: 27/27
 12105 | D        | Got an icy rune of Zot
 12109 | D        | Got a magical rune of Zot
 12111 | D        | Identified the +6 sword of Cerebov {flame}
 12111 | D        | Noticed Cerebov
 12114 | D        | Identified the +7 sceptre of Asmodeus
 12114 | D        | Noticed Asmodeus
 12122 | D        | Killed Cerebov
 12122 | D        | Received a gift from Trog
 12128 | D        | Noticed Ereshkigal
 12134 | D        | HP: 16/370 [Asmodeus] (13)]
 12134 | D        | HP: 6/370 [balrug/divine providence[Asmodeus] (12)]
 12136 | D        | Killed Asmodeus
 12140 | D        | HP: 2/247 [burnt (3)]
 12140 | D        | Paralysed by Ereshkigal for 5 turns
 12146 | D        | HP: 3/247 [Ereshkigal (18)]
 12146 | D        | Slain by Ereshkigal

Illustrated notes

Levels and vault maps discovered:
D:        linesprint [early_d, line_temple, items_1, d_10, items_2, lair_1,
          lair_end, items_3, orc_1, orc_end, items_4, d_15, swamp_1, shoals_1,
          snake_1, spider_1, d_20, vaults_1, items_5, swamp_end, shoals_end,
          snake_end, spider_end, vaults_end, d_27, items_6, zot_1, zot_end,
          crypt_end, forest_end, elf_end, slime_end, tomb_end, abyss_end,
          pan_hell_end]

Skill      XL: |  1  2  3  4  5  6  7  8  9 10 11 12 13 14 15 16 17 18 19 20 21 22 |
---------------+-------------------------------------------------------------------+-----
Maces & Flails | 3 6 7 8 10 11 13 15 16 18 19 21 23 25 27 | 27.0
Fighting       | 3 4 5 6 7 8 9 10 11 13 15 18 20 22 26 27 | 27.0
Dodging        | 3 5 6 7 8 9 10 11 12 13 15 16 17 19 24 27 | 27.0
Evocations     | 1 2 9 21 24 | 24.7
Armour         | 3 8 10 11 13 18 24 27 | 27.0
Throwing       | 2 9 24 27 | 27.0
Unarmed Combat | 22 27 | 27.0
Spellcasting   | 6 |  6.2
Stealth        | 5 12 13 | 13.7

Action                   |  1- 3 |  4- 6 |  7- 9 | 10-12 | 13-15 | 16-18 | 19-21 | 22-24 || total
-------------------------+-------+-------+-------+-------+-------+-------+-------+-------++-------
Melee: Mace              |    43 |    44 |    93 |       |       |       |       |       ||   180
       Demon whip        |       |       |     9 |   279 |   493 |       |       |       ||   781
       Giant spiked club |       |       |       |       |    36 |   354 |   226 |       ||   616
       Maul              |       |       |       |       |       |    64 |    39 |    13 ||   116
       Giant club        |       |       |       |       |       |       |    69 |       ||    69
Throw: Large rock        |       |       |       |       |     3 |       |    21 |    10 ||    34
       Javelin           |       |       |       |       |       |       |    44 |       ||    44
Invok: Berserk           |     1 |     1 |     3 |     9 |    12 |     8 |     7 |     1 ||    42
       Brothers in Arms  |       |       |     1 |     2 |       |       |       |       ||     3
       Trog's Hand       |       |       |       |       |       |       |     2 |       ||     2
Evoke: Wand              |       |       |     1 |     1 |       |       |     1 |       ||     3
       Condenser vane    |       |       |       |       |     7 |     1 |     8 |       ||    16
  Use: Potion            |       |     1 |     2 |     1 |     2 |     5 |     3 |     4 ||    18
       Scroll            |       |       |       |       |       |    18 |       |       ||    18
 Stab: Petrified         |       |       |       |     3 |       |       |       |       ||     3
       Confused          |       |       |       |       |     1 |       |       |       ||     1
Armor: Animal skin       |    22 |     6 |    17 |     4 |       |       |       |       ||    49
       Robe              |       |       |       |     5 |       |       |       |       ||     5
       Swamp dragon scal |       |       |       |    23 |   114 |    32 |       |       ||   169
       Storm dragon scal |       |       |       |       |       |    71 |       |       ||    71
       Gold dragon scale |       |       |       |       |       |    20 |   186 |    15 ||   221
Dodge: Dodged            |    33 |    28 |    55 |    96 |   331 |   308 |   235 |     4 ||  1090

Table legend: (Time is in decaauts) A = Elapsed time spent in this place. B = Non-inter-level travel time spent in this place. C = Inter-level travel time spent in this place. D = Time resting spent in this place. E = Time spent auto-exploring this place. F = Levels seen in this place. G = Mean time per level. A B C D E F G +--------+--------+--------+--------+--------+-----+--------+ Total | 11885 | 11406 | 479 | 5247 | 979 | 1 | 11885.0 | Dungeon | 11885 | 11406 | 479 | 5247 | 979 | 1 | 11885.0 | +--------+--------+--------+--------+--------+-----+--------+

Top non-repeatable levels by time:
       D: 11885 daAuts
